 Dungeon Crawl Stone Soup version 0.28.0-53-g5a82cb258f (webtiles) character file.

Game seed: 3841990563378502245

135 oldmanjim the Skirmisher (level 4, -2/45 HPs)
             Began as a Troll Fighter on Aug 13, 2022.
             Slain by Ijyb
             ... wielding a +0 club
              (3 damage)
             ... on level 4 of the Dungeon.
             The game lasted 00:14:11 (2348 turns).

oldmanjim the Skirmisher (Troll Fighter)            Turns: 2348, Time: 00:14:11

Health: -2/45      AC:  4    Str: 26    XL:     4   Next: 96%
Magic:  3/3        EV:  8    Int:  4    God:
Gold:   170        SH:  7    Dex:  9    Spells: 3/3 levels left

rFire   . . .      SeeInvis .     - Unarmed
rCold   . . .      Faith    .   b - +0 kite shield
rNeg    . . .      Spirit   .   a - +0 robe
rPois   .          Reflect  .   (helmet restricted)
rElec   .          Harm     .   (no cloak)
rCorr   +          Rampage  .   (gloves unavailable)
Will    .....                   (boots unavailable)
Stlth   +.........              (no amulet)
HPRegen 0.95/turn               j - ring of resist corrosion
MPRegen 0.08/turn               (no ring)

@: no status effects
A: large, unfitting armour, claws 3, regeneration 1, shaggy fur 1, tough skin 1
a: no special abilities


You were on level 4 of the Dungeon.
You visited 1 branch of the dungeon, and saw 4 of its levels.

You collected 170 gold pieces.

Inventory:

Missiles
 f - 52 stones (quivered)
 o - a throwing net
 q - 6 poisoned darts
Armour
 a - a +0 robe (worn)
 b - a +0 kite shield (worn)
Jewellery
 j - a ring of resist corrosion (left claw)
Wands
 l - a wand of flame (28)
Scrolls
 g - a scroll of teleportation {unknown}
 h - a scroll of fog
 i - a scroll of torment {unknown}
 k - a scroll of identify {unknown}
 m - a scroll of noise {unknown}
 r - a scroll of fear {unknown}
Potions
 c - a potion of might
 d - a potion of lignification {unknown}
 e - a potion of cancellation {unknown}
 n - a potion of degeneration {unknown}
 p - a potion of curing
 s - a potion of magic {unknown}


   Skills:
 + Level 3.3 Fighting
 - Level 2.4 Dodging
 + Level 3.3 Shields
 + Level 3.3 Unarmed Combat


You had 3 spell levels left.
You didn't know any spells.
Your spell library was empty.

Dungeon Overview and Level Annotations

Branches:
Dungeon (4/15)
 Temple: D:4-7

Altars:
Sif Muna

Shops:
D:2 [

Annotations:
D:4 Ijyb


Innate Abilities, Weirdness & Mutations

You are too large for most types of armour.
You have claws for hands.
Your natural rate of healing is unusually fast.
You are covered in fur. (AC +1)
You have tough skin. (AC +1)


Message History

The orc hits you but does no damage.
You barely miss Ijyb.
Ijyb is severely wounded.
The orc priest shouts!
Ijyb hits you with a +0 club. The orc hits you with a +0 dagger.
You closely miss Ijyb.
Ijyb is severely wounded.
You block Ijyb's attack. The orc barely misses you.
You completely miss Ijyb.
Ijyb is severely wounded.
Ijyb hits you but does no damage. You block the orc's attack.
You completely miss Ijyb.
Ijyb is severely wounded.
Ijyb hits you with a +0 club.
The orc priest invokes the aid of Beogh against you.
Beogh smites you! You block the orc's attack.
You hear a shout! x2
You scratch Ijyb.
Ijyb is almost dead.
Ijyb hits you with a +0 club. You block the orc's attack.
You closely miss Ijyb.
Ijyb is almost dead.
Ijyb completely misses you.
An orc comes into view. It is wielding a +0 club.
You barely miss Ijyb.
Ijyb is almost dead.
Ijyb hits you with a +0 club. You block the orc's attack.
You closely miss Ijyb.
Ijyb is almost dead.
You block Ijyb's attack. The orc hits you with a +0 short sword.
The orc barely misses you.
You barely miss Ijyb.
Ijyb is almost dead.
You block Ijyb's attack. The orc closely misses you.
You block the orc's attack.
The orc priest mumbles some strange prayers to Beogh against you.
Beogh smites you!
* * * LOW HITPOINT WARNING * * *
Ijyb hits you with a +0 club.
You die...

## .. .## ..
#### #.
.....#o##
...o..go#####...
......#@o.......
≈...≈ #.#####...
.o.. #........
.o. #.######. o.
#.# # ≈ #.# #.
#.# #. #.# #$
##.#


You could see Ijyb, 2 orc priests and 2 orcs.

Vanquished Creatures
  A hound (D:3)
  A gnoll (D:4)
  4 adders
  3 worms (D:2)
  An orc (D:3)
  3 endoplasms
  3 goblins
  6 hobgoblins
  5 jackals (D:3)
  9 kobolds
  2 quokkas
  5 ball pythons
  3 bats
  3 frilled lizards
  6 rats
55 creatures vanquished.

Notes
Turn   | Place    | Note
-------+----------+-------------------------------------------
     0 | D:1      | oldmanjim the Troll Fighter began the quest for the Orb.
     0 | D:1      | Reached XP level 1. HP: 22/22 MP: 0/0
   253 | D:1      | Found a faded altar of an unknown god.
   799 | D:2      | Reached XP level 2. HP: 27/29 MP: 1/1
   968 | D:2      | Reached XP level 3. HP: 34/36 MP: 2/2
  1380 | D:2      | Found Paroc's Armour Shoppe.
  1415 | D:3      | Reached XP level 4. HP: 31/45 MP: 3/3
  1724 | D:3      | Found a shimmering blue altar of Sif Muna.
  2325 | D:4      | Noticed Ijyb
  2348 | D:4      | HP: 1/45 [orc priest/divine providence (14)]
  2348 | D:4      | Slain by Ijyb

Illustrated notes

Levels and vault maps discovered:
D:1:      psy_arrival_radial01, layout_basic,
          shapermc_ecumenical_altar_hornbeckon
D:2:      layout_basic, serial_aquarium, aquarium_bridge_square
          [aquarium_subvault_bridge, aquarium_subvault_window,
          aquarium_subvault_window, aquarium_subvault_wall],
          aquarium_bridge_square [aquarium_subvault_window,
          aquarium_subvault_balcony, aquarium_subvault_bridge,
          aquarium_subvault_wall], aquarium_window_1, aquarium_window_corner,
          aquarium_view_2c, aquarium_view_2c, aquarium_pool_1, serial_shops,
          shop, corner_web_ring
D:3:      kb_forest_paths, layout_basic, lemuel_doored_altar,
          columned_hall_lemuel
D:4:      cheibrodos_pilgrimage, layout_loops_ring,
          mainiacjoe_overflow_six_doors_small, kennysheep_small_square,
          uniq_ijyb

Skill      XL: |  1  2  3 |
---------------+----------+-----
Fighting       | 3 |  3.3
Shields        | 3 |  3.3
Unarmed Combat | 3 |  3.3
Dodging        | |  2.4

Action                   |  1- 3 |  4- 6 || total
-------------------------+-------+-------++-------
Melee: Unarmed           |    89 |    92 ||   181
  Use: Scroll            |       |     1 ||     1
Armor: Robe              |    28 |    30 ||    58
Dodge: Dodged            |    22 |    38 ||    60
Block: Kite shield       |    32 |    48 ||    80
